 Dungeon Crawl Stone Soup version 0.31.0-12-g77e489cdc1 (webtiles) character file.

Game seed: 1017020484955435910

4877 cdecastro the Basher (level 10, -9/73 HPs)
             Began as an Armataur Warper on Feb 27, 2024.
             Was an Elder of Fedhas.
             Mangled by a red ugly thing (14 damage)
             ... on level 9 of the Dungeon.
             The game lasted 00:22:48 (11031 turns).

cdecastro the Basher (Armataur Warper)             Turns: 11031, Time: 00:22:49

Health: -9/73      AC:  9    Str: 21    XL:     10   Next: 26%
Magic:  12/15      EV:  6    Int: 14    God:    Fedhas [****..]
Gold:   337        SH:  5    Dex:  9    Spells: 12/12 levels left

rFire   . . .        a - +1 whip (elec)
rCold   . . .        (no shield)
rNeg    . . .        k - +0 chain mail
rPois   +            y - +0 helmet
rElec   .            c - +0 cloak {rPois}
rCorr   .            (no gloves)
SInv    .            (no barding)
Will    .....        r - amulet of reflection Stlth
                     (no ring)
HPRegen 0.32/turn    (no ring)
MPRegen 0.14/turn

%: reflection, roll
@: no status effects
A: large, deformed body, tough skin 3, armoured tail, roll 2
a: Renounce Religion, Wall of Briars, Grow Ballistomycete, Overgrow


You were on level 9 of the Dungeon.
You worshipped Fedhas.
Fedhas was greatly pleased with you.
You visited 2 branches of the dungeon, and saw 10 of its levels.

You collected 337 gold pieces.

Inventory:

Hand Weapons
 a - a +1 whip of electrocution (weapon)
 b - a +1 flail of protection
 O - a +1 hammer of holy wrath
Missiles
 d - a dart of dispersal
 A - 16 poisoned darts (quivered)
 D - 2 silver javelins
 E - 9 boomerangs
 G - a curare-tipped dart
Armour
 c - a +0 cloak of poison resistance (worn)
 k - a +0 chain mail (worn)
 y - a +0 helmet (worn)
Magical Staves
 m - a staff of cold
 M - a staff of conjuration
Jewellery
 j - an amulet of magic regeneration
 r - an amulet of reflection (around neck)
Wands
 H - a wand of iceblast (2)
 P - a wand of flame (18)
 Q - a wand of light (4)
Scrolls
 l - a scroll of vulnerability
 p - a scroll of butterflies {unknown}
 q - a scroll of poison
 t - 2 scrolls of immolation {unknown}
 u - a scroll of amnesia {unknown}
 x - 2 scrolls of noise
 z - 7 scrolls of fog
 B - a scroll of teleportation {unknown}
 L - a scroll of enchant armour {unknown}
Potions
 e - a potion of degeneration {unknown}
 f - 2 potions of berserk rage
 g - a potion of ambrosia {unknown}
 h - a potion of enlightenment {unknown}
 i - 2 potions of mutation
 n - a potion of cancellation {unknown}
 o - a potion of brilliance {unknown}
 s - a potion of attraction {unknown}
 w - 2 potions of might
 C - a potion of magic {unknown}
 F - a potion of haste {unknown}
 I - a potion of resistance
 J - a potion of lignification
 N - 3 potions of curing


   Skills:
 - Level 1.7 Fighting
 * Level 12.2 Maces & Flails
 - Level 0.8 Throwing
 - Level 1.2 Armour
 - Level 1.3 Dodging
 - Level 1.7 Spellcasting
 - Level 3.0 Translocations
 + Level 7.2 Invocations


You had 12 spell levels left.
You didn't know any spells.
Your spell library contained the following spells:

 Spells                   Type           Power      Damage    Failure   Level
 Blink                    Tloc           18%        N/A       63%         2
 Lesser Beckoning         Tloc           18%        N/A       63%         2
 Teleport Other           Tloc           9%         N/A       86%         3
 Cigotuvi's Dreadful Rot  Necr/Alch/Air  2%         N/A       96%         2
 Inner Flame              Hex/Fire       1%         N/A       99%         3
 Manifold Assault         Tloc           9%         N/A       99%         4
 Cause Fear               Hex            0%         N/A       100%        4
 Flame Wave               Conj/Fire      1%         2d4       100%        4
 Ignite Poison            Fire/Alch      1%         N/A       100%        4
 Sticky Flame             Fire/Alch      1%         2d4       100%        4
 Vhi's Electric Charge    Tloc/Air       10%        N/A       100%        4
 Arcjolt                  Conj/Air       0%         1d10      100%        5
 Fireball                 Conj/Fire      0%         3d3       100%        5
 Freezing Cloud           Conj/Ice/Air   0%         6-21      100%        5
 Conjure Ball Lightning   Conj/Air       0%         3x3d6     100%        6
 Dispersal                Tloc           4%         N/A       100%        6
 Plasma Beam              Fire/Air       0%         2x1d10    100%        6
 Discord                  Hex            0%         N/A       100%        8
 Disjunction              Tloc           4%         N/A       100%        8
 Dragon's Call            Summ           0%         N/A       100%        9


Dungeon Overview and Level Annotations

Branches:
Dungeon (9/15)             Temple (1/1) D:6            Lair (0/5) D:8
    Orc: D:9-12

Altars:
Ashenzari
Cheibriados
Dithmenos
Elyvilon
Fedhas
Gozag
Kikubaaqudgha
Makhleb
Nemelex Xobeh
Okawaru
Qazlal
Ru
Trog
Uskayaw
Vehumet
Wu Jian
Xom
Yredelemnul
Zin
The Shining One

Annotations:
D:9 Jeremiah


Innate Abilities, Weirdness & Mutations

Armour fits poorly on your strangely shaped body.
You have extremely tough skin. (AC +3)
You have a long armoured tail.
You regenerate magic and health when rolling toward enemies. (Rampage Regen)


Message History

A ballistomycete spore comes into view.
Unknown command.
The red ugly thing bites you!
You are engulfed in flames!
Unknown command.
You hit the red ugly thing.
The red ugly thing is lightly wounded.
Your ballistomycete spore explodes!
The explosion of spores engulfs you!!
You are confused.
* * * LOW HITPOINT WARNING * * *
The red ugly thing appears confused.
The explosion of spores engulfs the red ugly thing!!
The red ugly thing is heavily wounded.
Unknown command.
Unknown command.
Unknown command.
Unknown command.
Okay, then.
Unknown command.
The red ugly thing bites you.
* * * LOW HITPOINT WARNING * * *
You are engulfed in flames!
* * * LOW HITPOINT WARNING * * *
The red ugly thing bites itself.
A ballistomycete spore comes into view.
Unknown command.
You closely miss the red ugly thing. You tail-slap the red ugly thing.
The red ugly thing is heavily wounded.
Unknown command.
You barely miss the red ugly thing.
Your tail-slap misses the red ugly thing.
The red ugly thing is heavily wounded.
Unknown command.
You bump into the rock wall.
You feel less confused. The red ugly thing bites you!
* * * LOW HITPOINT WARNING * * *
You are engulfed in flames!
You die...
Fedhas appreciates your contribution to the ecosystem.

###..#........#...#......#
..#..#........#...#......#
#.#..#........##'##......#
#.#..#........#.P.#...####
#.#..#........#...#......#
#.#..#).......#...'......#
..............#.*.#......#
.....###...#'##.u##..#####
.....#.....#..#.@#...#...#
.....'.....#..#..#...'...#
.....#.....#..#>.#...#...#
##########################


You could see a red ugly thing (confused, ally target), a friendly
ballistomycete (summoned) and a friendly ballistomycete spore.

Vanquished Creatures
  Erolcha (D:9)
  A cyclops (D:9)
  A troll (D:9)
  Grinder (D:6)
  A slime creature (D:9)
  A wyvern (D:9)
  2 yaks (D:8)
  A steam dragon (D:7)
  An acid dragon (D:8)
  A water moccasin (D:6)
  2 orc warriors
  2 sky beasts
  3 black bears
  2 centaurs (D:8)
  A phantom (D:5)
  3 kobold brigands
  5 scorpions
  6 bullfrogs
  A howler monkey (D:5)
  A jelly (D:6)
  5 hounds
  A gnoll bouda (D:6)
  2 orc priests
  Crazy Yiuf (D:4)
  3 iguanas (D:6)
  6 orc wizards
  Robin (D:3)
  7 gnolls
  2 adders (D:2)
  3 white imps
  2 dart slugs
  2 ribbon worms
  27 orcs
  8 bats
  10 endoplasms
  2 giant cockroaches
  9 hobgoblins
  3 jackals (D:1)
  10 kobolds
  3 quokkas
  6 ball pythons
  A frilled lizard (D:2)
  12 goblins
  7 rats
170 creatures vanquished.

Vanquished Creatures (collateral kills)
  A ballistomycete spore (D:9)
1 creature vanquished.

Vanquished Creatures (others)
  An orc wizard (D:8)
1 creature vanquished.

Grand Total: 172 creatures vanquished

Notes
Turn   | Place    | Note
-------+----------+-------------------------------------------
     0 | D:1      | cdecastro the Armataur Warper began the quest for the Orb.
     0 | D:1      | Reached XP level 1. HP: 17/17 MP: 3/3
    21 | D:1      | Reached skill level 2 in Maces & Flails
   185 | D:1      | Reached XP level 2. HP: 21/24 MP: 4/4
   563 | D:1      | Found a faded altar of an unknown god.
   617 | D:1      | Reached skill level 3 in Maces & Flails
   808 | D:1      | Reached XP level 3. HP: 29/29 MP: 5/5
   986 | D:1      | Prayed at the altar of an unknown god.
   986 | D:1      | Became a worshipper of Fedhas Madash
   986 | D:1      | Reached * piety under Fedhas
  1655 | D:2      | Reached XP level 4. HP: 36/36 MP: 6/6
  2011 | D:3      | Reached skill level 4 in Maces & Flails
  2197 | D:3      | Reached ** piety under Fedhas
  2307 | D:3      | Noticed Robin
  2350 | D:3      | Killed Robin
  2863 | D:4      | Reached XP level 5. HP: 37/41 MP: 7/7
  2961 | D:4      | Reached skill level 5 in Maces & Flails
  2996 | D:4      | Noticed a black bear
  3350 | D:4      | Found a runed translucent door.
  3351 | D:4      | Noticed Crazy Yiuf
  3381 | D:5      | Entered Level 5 of the Dungeon
  3384 | D:5      | Found a burning altar of Makhleb.
  3423 | D:5      | Noticed a phantom
  3431 | D:5      | Killed a phantom
  3432 | D:5      | Reached skill level 6 in Maces & Flails
  3432 | D:5      | Reached XP level 6. HP: 39/48 MP: 8/8
  3992 | D:5      | Reached skill level 7 in Maces & Flails
  3992 | D:5      | Gained mutation: You regenerate magic and health when
                  | rolling toward enemies. (Rampage Regen) [Armataur growth]
  3992 | D:5      | Reached XP level 7. HP: 50/53 MP: 9/9
  4042 | D:5      | Reached *** piety under Fedhas
  4443 | D:4      | Reached skill level 8 in Maces & Flails
  4827 | D:5      | Reached skill level 1 in Invocations
  5056 | D:5      | Found a snail-covered altar of Cheibriados.
  5130 | D:6      | Noticed Grinder
  5134 | D:6      | Paralysed by Grinder for 4 turns
  5149 | D:6      | Paralysed by Grinder for 2 turns
  5154 | D:6      | Killed Grinder
  5155 | D:6      | Reached XP level 8. HP: 20/60 MP: 10/10
  5491 | D:6      | Identified the +1 chain mail "Doghegh" {*Corrode +Inv rF+
                  | Dex+2}
  5524 | D:6      | Reached skill level 9 in Maces & Flails
  5609 | D:6      | Found a staircase to the Ecumenical Temple.
  5745 | Temple   | Entered the Ecumenical Temple
  5886 | D:6      | Found a bloodstained altar of Trog.
  6050 | D:6      | Identified the +5 falchion of the Tundras {heavy, rPois
                  | rC+++ Will- Int+3}
  6121 | D:6      | Found a radiant altar of Vehumet.
  6715 | D:7      | Reached **** piety under Fedhas
  6987 | D:7      | Reached skill level 10 in Maces & Flails
  7103 | D:7      | Reached XP level 9. HP: 67/67 MP: 12/12
  7325 | D:7      | Found a sparkling altar of Nemelex Xobeh.
  7856 | D:8      | Noticed a death yak
  7857 | D:8      | Noticed a death yak
  8075 | D:8      | Reached skill level 5 in Invocations
  8283 | D:8      | Found a staircase to the Lair.
  8283 | D:8      | Noticed a two-headed ogre
  8350 | D:8      | Noticed a death yak
  8418 | D:8      | Found an iron altar of Okawaru.
  8441 | D:8      | Found a sacrificial altar of Ru.
  8828 | D:9      | Noticed a two-headed ogre
  8829 | D:9      | Noticed a troll
  8829 | D:9      | Noticed a red ugly thing
  9306 | D:9      | Reached skill level 11 in Maces & Flails
  9337 | D:9      | Noticed Erolcha
  9452 | D:9      | Noticed a troll
  9473 | D:9      | Killed a troll
  9695 | D:9      | Noticed Jeremiah
  9965 | D:4      | Killed Crazy Yiuf
 10251 | D:9      | Killed Erolcha
 10252 | D:9      | Reached XP level 10. HP: 73/73 MP: 11/15
 10309 | D:9      | Noticed a cyclops
 10331 | D:9      | Killed a cyclops
 10332 | D:9      | Reached skill level 12 in Maces & Flails
 11031 | D:9      | Mangled by a red ugly thing

Illustrated notes

Levels and vault maps discovered:
D:1:      mrwooster_arrival_statue_3, layout_loops_ring,
          nicolae_ecumenical_lake_church, serial_rivers,
          chequers_serial_rivers_room_b, chequers_serial_rivers_room_a,
          chequers_serial_rivers_marsh, chequers_serial_rivers_micro_a,
          chequers_serial_rivers_room_b, minmay_pentomino_z2
D:2:      layout_basic, patterned_corridor
D:3:      layout_loops_ring, uniq_robin
D:4:      layout_basic, uniq_crazy_yiuf_cottage
D:5:      layout_loops_cross, mainiacjoe_overflow_concentric_impassable,
          cheibrodos_worm_habitat
D:6:      layout_basic, old_standard_altar, trog_three_pillars_becter,
          minmay_temple_entry_poolview, uniq_grinder
D:7:      layout_rooms, old_standard_altar
D:8:      layout_loops_ring, nicolae_overflow_hidden_temple,
          nicolae_overflow_crystal_walls, dpeg_lair_monsters
D:9:      minmay_bloctagon, layout_grid_maze, roderic_lattice_a, uniq_jeremiah,
          uniq_erolcha
Temple:   nicolae_temple_figure_eight

Skill      XL: |  1  2  3  4  5  6  7  8  9 10 |
---------------+-------------------------------+-----
Maces & Flails | 2 3 4 6 7 8 10 11 12 | 12.2
Invocations    | 2 4 6 7 |  7.2
Fighting       | |  1.7
Throwing       | |  0.8
Armour         | |  1.2
Dodging        | |  1.3
Spellcasting   | |  1.7
Translocations | |  3.0

Action                     |  1- 3 |  4- 6 |  7- 9 | 10-12 || total
---------------------------+-------+-------+-------+-------++-------
  Melee: Mace              |   142 |   168 |   266 |       ||   576
         Tailslap          |    15 |    21 |    47 |    12 ||    95
         Punch             |     1 |     1 |    13 |       ||    15
         Whip              |       |       |   156 |    57 ||   213
  Throw: Dart              |       |     4 |     9 |     8 ||    21
 Invoke: Grow Ballistomyce |       |       |     1 |     1 ||     2
  Evoke: Wand              |       |       |     5 |       ||     5
    Use: Scroll            |       |       |     5 |     9 ||    14
         Potion            |       |       |     2 |     3 ||     5
 Armour: Leather armour    |    37 |       |       |       ||    37
         Chain mail        |    77 |   125 |   290 |    60 ||   552
  Dodge: Dodged            |    52 |    32 |    79 |    13 ||   176
  Block: Other             |     8 |    42 |    68 |     6 ||   124
         Reflection        |       |       |     4 |       ||     4
